Map: New Repugnancy LE

Players

Lambo

  • Race: Zerg Zerg
  • League: Master
  • Spawn Location: 1:00

OGZest (Zest) - Winner!

  • Race: Protoss Protoss
  • Spawn Location: 7:00

Event: HomeStory Cup XIX

VOD

Have the link to the VOD?

Description

Time

  • Played on: June 29, 2019, 12:50 p.m.
  • Length: 12:08

All games in this series

Show
View Real Time Build Order
Export as new Build Order

Lambo Zerg 

Build Orders: Hatch First 

Get SALT Encoding   

  12  0:01  Drone  
  13  0:12  Overlord  
  13  0:17  Drone  
  14  0:31  Drone x2  
  16  0:49  Drone x2  
  18  0:58  Drone  
  18  0:59  Hatchery  
  18  1:09  Extractor  
  17  1:13  Spawning Pool  
  17  1:17  Drone  
  17  1:20  Drone  
  18  1:31  Drone  
  19  1:39  Drone  
  20  1:53  Overlord  
  20  2:01  Queen  
  22  2:11  Metabolic Boost  
  22  2:13  Zergling x4, Queen  
  26  2:15  Drone  
  27  2:24  Drone  
  28  2:34  Drone  
  29  2:37  Hatchery  
  29  2:39  Zergling x2  
  29  2:45  Drone  
  29  2:46  Drone  
  29  2:48  Zergling x2  
  32  2:54  Overlord  
  32  2:55  Zergling x2  
  33  3:07  Queen  
  33  3:09  Zergling x2  
  35  3:17  Drone x5  
  37  3:21  Drone x2  
  37  3:23  Extractor  
  38  3:29  Drone x2  
  40  3:35  Spore Crawler  
  40  3:38  Overlord  
  39  3:46  Overlord  
  39  3:51  Drone x3  
  42  3:56  Drone x2  
  42  4:00  Drone x2  
  46  4:03  Drone x3  
  46  4:06  Drone  
  46  4:08  Drone x2  
  52  4:12  Drone  
  52  4:14  Drone  
  52  4:16  Spore Crawler  
  53  4:19  Drone x2  
  54  4:29  Drone x3  
  57  4:33  Overlord  
  57  4:37  Overlord, Roach Warren  
  56  4:38  Drone  
  57  4:46  Drone  
  57  4:51  Queen  
  60  4:54  Drone x3, Extractor  
  60  4:55  Drone x3  
  60  4:56  Extractor  
  60  4:57  Drone  
  62  5:02  Drone  
  62  5:05  Spore Crawler  
  60  5:10  Overlord  
  60  5:11  Drone x2, Lair  
  68  5:21  Roach x5  
  68  5:25  Roach  
  68  5:28  Overlord  
  74  5:31  Overlord  
  74  5:34  Extractor  
  74  5:35  Roach x3  
  79  5:36  Roach  
  80  5:43  Roach  
  80  5:46  Drone x3  
  80  5:48  Drone  
  86  5:51  Drone  
  86  5:53  Drone x2  
  89  5:57  Drone x4  
  89  5:59  Drone  
  89  6:00  Drone  
  95  6:05  Drone x3  
  95  6:07  Evolution Chamber, Overlord  
  95  6:09  Glial Reconstitution  
  96  6:11  Overlord  
  96  6:12  Extractor  
  96  6:14  Overlord  
  96  6:17  Overlord  
  95  6:19  Drone  
  95  6:23  Overlord  
  95  6:24  Overlord  
  96  6:26  Overlord  
  96  6:27  Overlord  
  96  6:32  Roach x4  
  104  6:36  Drone  
  104  6:38  Drone  
  106  6:41  Roach x2  
  106  6:46  Roach x3  
  116  6:53  Roach x4  
  124  6:56  Ravager x2  
  124  6:57  Roach  
  124  7:01  Roach x2  
  130  7:03  Roach  
  130  7:07  Roach x2  
  128  7:13  Roach x3  
  128  7:16  Roach  
  128  7:22  Roach  
  120  7:27  Roach x2  
  115  7:34  Roach x2  
  117  7:41  Roach x3  
  123  7:52  Baneling Nest  
  123  7:54  Drone x7  
  129  8:03  Drone x2  
  129  8:12  Drone x2  
  131  8:13  Drone x2  
  131  8:26  Roach x6  
  142  8:33  Hatchery  
  141  8:34  Queen  
  141  8:35  Centrifical Hooks  
  141  8:37  Roach x3  
  141  8:39  Overlord  
  149  8:41  Roach  
  151  8:53  Zergling x4, Roach  
  154  8:56  Overlord  
  154  8:58  Ravager x2  
  154  8:59  Overlord  
  156  9:03  Roach x3  
  156  9:09  Overlord  
  162  9:11  Overlord  
  162  9:14  Overlord  
  162  9:16  Overlord  
  162  9:18  Zergling x8  
  162  9:20  Ravager x2  
  162  9:22  Zergling x4  
  170  9:27  Queen  
  170  9:29  Zergling x8, Hatchery  
  170  9:30  Ravager  
  173  9:32  Ravager  
  173  9:35  Baneling x6  
  173  9:38  Zergling x8  
  178  9:45  Baneling x9  
  178  9:49  Zergling x6  
  178  9:50  Ravager x3  
  184  9:53  Ravager  
  184  9:55  Zergling x6  
  188  10:01  Baneling x5  
  188  10:03  Zergling x8  
  189  10:09  Zergling x10  
  189  10:12  Zergling x4  
  179  10:19  Zergling x4  
  174  10:24  Baneling x10  
  174  10:25  Zergling x6  
  173  10:29  Zergling x6  
  173  10:34  Zergling x4  
  165  10:37  Zergling x4  
  147  10:42  Roach  
  147  10:43  Roach x2  
  147  10:44  Roach x2  
  147  10:46  Roach  
  147  10:49  Roach  
  123  10:50  Roach  
  123  10:51  Roach  
  123  10:58  Roach x3  
  123  10:59  Ravager  
  123  11:00  Ravager  
  123  11:01  Roach  
  127  11:05  Roach x2  
  127  11:08  Roach  
  127  11:09  Evolution Chamber  
  127  11:10  Zergling x2  
  127  11:11  Zergling x2  
  134  11:12  Ravager  
  134  11:14  Roach  
  137  11:21  Zergling x8  
  140  11:29  Roach  
  140  11:30  Roach x4  
  140  11:31  Ravager x2  
  151  11:35  Ravager  
  151  11:36  Zergling x8  
  151  11:38  Zergling x2  
  157  11:43  Roach x2  
  157  11:44  Baneling x4  
  157  11:47  Zergling x2, Roach  
  163  11:50  Baneling x3  
Show
View Real Time Build Order
Export as new Build Order

OGZest Protoss - Winner!

Build Orders: 1 Gate Expand, Oracle Opening, Archon Immortal, Archon Drop 

Get SALT Encoding   

  12  0:00  Probe  
  13  0:12  Probe  
  14  0:18  Pylon  
  14  0:24  Probe  
  15  0:33  Probe  
  15  0:39  Gateway  
  15  0:41  Probe  
  16  0:48  Assimilator  
  17  0:51  Probe  
  18  1:03  Probe  
  19  1:15  Probe  
  20  1:26  Cybernetics Core  
  20  1:35  Nexus  
  20  1:37  Probe  
  21  1:44  Pylon  
  21  1:49  Probe  
  21  1:53  Adept  
  22  1:54  Assimilator  
  22  2:01  Probe  
  25  2:13  Adept  
  25  2:14  Probe  
  26  2:26  Probe  
  26  2:29  Stargate  
  29  2:38  Probe  
  29  2:39  Stalker  
  30  2:47  Probe  
  30  2:50  Warp Gate  
  33  2:54  Probe  
  34  2:59  Probe  
  34  3:03  Pylon  
  35  3:06  Probe  
  35  3:11  Probe  
  37  3:14  Oracle  
  37  3:18  Probe  
  39  3:28  Probe  
  39  3:30  Probe  
  39  3:32  Assimilator  
  41  3:36  Assimilator  
  41  3:40  Probe, Gateway  
  42  3:41  Oracle  
  42  3:42  Probe  
  43  3:49  Pylon  
  43  3:52  Probe  
  43  3:54  Probe  
  48  4:03  Robotics Facility  
  48  4:04  Probe  
  48  4:07  Probe  
  50  4:14  Twilight Council  
  50  4:17  Probe  
  51  4:19  Probe  
  52  4:26  Gateway x2  
  52  4:29  Probe  
  52  4:31  Probe  
  54  4:35  Charge, Pylon  
  54  4:41  Probe  
  54  4:42  Warp Prism  
  54  4:43  Probe  
  58  4:53  Templar Archives  
  58  5:02  Templar Archives  
  58  5:04  Gateway x2  
  58  5:06  Pylon  
  58  5:10  Zealot x2  
  58  5:13  Pylon  
  62  5:24  Pylon  
  62  5:31  Nexus  
  62  5:37  High Templar x3  
  68  5:44  High Templar  
  68  5:47  Pylon  
  68  5:48  Observer  
  70  5:50  Archon  
  70  5:51  Probe x2  
  70  5:56  Archon  
  73  5:59  Pylon  
  73  6:03  Probe x2  
  75  6:16  Zealot x6  
  87  6:24  Pylon  
  87  6:27  Pylon  
  87  6:29  Immortal  
  87  6:44  Zealot x3  
  87  6:45  Zealot x3  
  103  7:00  Immortal  
  101  7:09  Zealot x2  
  101  7:10  Zealot x4  
  93  7:30  Immortal  
  93  7:35  Sentry x6  
  103  7:38  Probe x2, Forge  
  103  7:40  Probe  
  108  7:50  Probe x2  
  106  7:55  Probe  
  106  7:57  Shield Battery  
  103  7:58  Shield Battery  
  103  7:59  Protoss Ground Weapons Level 1  
  103  8:02  Probe x2, Immortal  
  105  8:07  Probe  
  110  8:14  Probe  
  111  8:22  Gateway  
  111  8:23  Gateway  
  111  8:25  Pylon  
  109  8:28  High Templar  
  109  8:29  Zealot x2, High Templar x3  
  109  8:33  Archon x2  
  121  8:37  Probe x3  
  121  8:38  Observer, Assimilator  
  124  8:42  Assimilator  
  124  8:45  Immortal  
  124  8:52  Sentry x2  
  132  9:07  Zealot x4  
  132  9:08  Probe x2  
  142  9:16  Pylon x2  
  142  9:18  Photon Cannon  
  142  9:19  Photon Cannon, Pylon  
  142  9:20  Photon Cannon, Pylon  
  142  9:23  Pylon  
  142  9:26  Immortal  
  146  9:47  High Templar x4  
  146  9:48  Psionic Storm  
  146  9:52  Zealot x4  
  162  9:56  Gateway  
  162  9:58  Gateway  
  162  10:12  Zealot x4  
  160  10:25  Zealot x2  
  160  10:26  Zealot x2  
  162  10:29  Archon x2  
  154  10:37  Zealot x4  
  122  10:54  Zealot x4  
  127  11:00  High Templar x4  
  129  11:04  Archon x2  
  129  11:07  High Templar x2  
  129  11:08  Nexus  
  129  11:09  Immortal, Pylon  
  133  11:12  Pylon  
  133  11:15  Archon  
  133  11:17  Zealot x4  
  143  11:33  Zealot  
  143  11:37  Zealot, High Templar x2  
  143  11:38  Zealot x4  
  143  11:39  Zealot x2  
  163  11:43  Archon  
  167  12:00  Sentry x3  
Tags
 
Add a new tag
Caveats
  • Supply blocks, unpowered buildings, or Contaminate may cause inaccurate times.
  • Supply counts are checked every 10 seconds.